 Dungeon Crawl Stone Soup version 0.18-a0-1808-g3e993bd (webtiles) character file.

91568 Minkie the Unseen (level 15, -2/106 HPs)
             Began as a Vampire Enchanter on Apr 26, 2016.
             Was the Champion of Dithmenos.
             Slain by a slime creature (19 damage)
             ... on level 15 of the Dungeon.
             The game lasted 02:31:29 (24003 turns).

Minkie the Unseen (Vampire Enchanter)              Turns: 24003, Time: 02:31:31

Health: -2/106     AC:  0    Str:  7    XL:     15   Next: 55%
Magic:  15/34      EV: 32    Int: 24    God:    Dithmenos [******]
Gold:   1724       SH:  0    Dex: 20    Spells: 4 memorised, 25 levels left

rFire  . . .     SeeInvis +     (weapon currently unavailable)
rCold  + . .     Gourm    .     (armour currently unavailable)
rNeg   + + .     Faith    .     (shield currently unavailable)
rPois  +         Spirit   .     (helmet currently unavailable)
rElec  .         Dismiss  .     (cloak currently unavailable)
rCorr  .         Reflect  .     (gloves currently unavailable)
SustAt .         Harm     .     (boots currently unavailable)
MR     +....                    R - amulet of magic regeneration
Stlth  ++++++++++               (ring currently unavailable)
                                (ring currently unavailable)

@: bat-form, flying, regenerating slowly, wreathed by umbra, very quick,
somewhat resistant to hostile enchantments, uncannily stealthy
A: fangs 3, see invisible, high mp 1, (unbreathing)
a: End Transformation, Shadow Step, Shadow Form, Renounce Religion


You were on level 15 of the Dungeon.
You worshipped Dithmenos.
Dithmenos was exalted by your worship.
You were thirsty.
You were in vampire-bat-form.
You visited 3 branches of the dungeon, and saw 24 of its levels.
You also visited: Labyrinth and Ossuary.

You collected 2348 gold pieces.
You spent 624 gold pieces at shops.

Inventory:

Hand Weapons
 J - a +4 dagger of freezing (melded)
Missiles
 a - 16 poisoned needles
 t - 7 javelins
 E - 8 curare-tipped needles
 N - 5 poisoned javelins
Armour
 c - a +2 pair of gloves of strength (melded)
 i - a +1 robe of fire resistance
 u - a +2 robe of cold resistance
 H - the +0 mask of the Dragon (melded) {MR+ Slay+3 SInv}
   (You found it in a labyrinth)

   It affects your accuracy and damage with ranged weapons and melee attacks
   (+3).
   It affects your resistance to hostile enchantments.
   It lets you see invisible.
 L - a +2 buckler of poison resistance (melded)
 U - a +2 cloak (melded)
 W - a +2 robe of magic resistance (melded)
Magical Staves
 I - an uncursed staff of cold
Jewellery
 e - an uncursed ring of sustain attributes
 h - an uncursed ring of protection from cold
 k - a ring of ice (melded)
 y - a ring of stealth (melded)
 M - an uncursed ring of wizardry
 R - an amulet of magic regeneration (around neck)
Wands
 n - a wand of digging (14/24)
 x - a wand of teleportation (4/9)
 A - a wand of paralysis (23/24)
 K - a wand of teleportation (3/9)
 V - a wand of digging (9/24)
 X - a wand of heal wounds (5/9)
Scrolls
 f - 2 scrolls of amnesia
 j - 2 scrolls of enchant armour
 l - 14 scrolls of remove curse
 o - 10 scrolls of teleportation
 s - 4 scrolls of fear
 B - a scroll of enchant weapon
 D - 3 scrolls of blinking
 G - 5 scrolls of identify
 O - a scroll of fog
 S - 2 scrolls of magic mapping
Potions
 b - 4 potions of heal wounds
 d - 48 potions of blood
 g - 13 potions of curing
 m - 2 potions of might
 p - 2 potions of brilliance
 q - 2 potions of haste
 r - 9 potions of agility
 v - 4 potions of magic
 w - 3 potions of cure mutation
 z - a potion of invisibility
 F - 2 potions of cancellation
 P - a potion of resistance
Books
 C - a book of the Warp

   Spells                             Type                      Level
   a - Recall                         Summoning/Translocation      3
   b - Gell's Gravitas                Hexes/Translocation          3
   c - Force Lance                    Conjuration/Translocation    4
   d - Warp Weapon                    Charms/Translocation         5
   e - Summon Forest                  Summoning/Translocation      5


   Skills:
 - Level 6.4 Fighting
 - Level 11.0 Short Blades
 - Level 10.7 Dodging
 + Level 19.7 Stealth
 + Level 1.0 Shields
 + Level 12.4 Spellcasting
 + Level 18.2 Hexes
 - Level 4.0 Ice Magic


You had 25 spell levels left.
You knew the following spells:

 Your Spells              Type           Power        Failure   Level  Hunger
a - Invisibility          Hex            #######.     1%          6    #####..
b - Ensorcelled Hibernat  Hex/Ice        ######       1%          2    None
c - Confuse               Hex            #######.     0%          3    None
d - Blink                 Tloc           N/A          8%          2    None


Dungeon Overview and Level Annotations

Branches:
Dungeon (15/15)            Temple (1/1) D:4            Lair (8/8) D:11
  Swamp (0/4) Lair:4        Snake (0/4) Lair:3        Slime (0/6) Lair:8
    Orc (0/2) D:12         Vaults (0/5) D:14
 Depths: D:15

Altars:
Ashenzari
Cheibriados
Dithmenos
Elyvilon
Fedhas
Gozag
Kikubaaqudgha
Makhleb
Nemelex Xobeh
Okawaru
Pakellas
Qazlal
Ru
Sif Muna
Trog
Vehumet
Xom
Yredelemnul
Zin
The Shining One
Jiyva

Shops:
D:4 =   D:5 ?   D:7 %   D:8 [   D:9 }   D:11 ?   D:15 =

Portals:
Trove: D:10 (give potion of experience)

Annotations:
Lair:3 exclusion: oklob plant


Innate Abilities, Weirdness & Mutations

You heal slowly.
You have razor-sharp teeth.
You have supernaturally acute eyesight.
((You can survive without breathing.))
You have an increased reservoir of magic (+10% MP).


Message History

Press: ? - help, Shift-Dir - straight line, f - slime creature
Aim: a slime creature (umbra, chance to defeat MR: 55%)
You feel a surge of power!
The slime creature resists with some effort.
The slime creature hits you!
* * * LOW HITPOINT WARNING * * *
You turn into a vampire bat.
Your +4 dagger of freezing melds into your body.
Your +2 cloak melds into your body.
The +0 mask of the Dragon {MR+ Slay+3 SInv} melds into your body.
Your +2 pair of gloves of strength melds into your body.
Your +2 buckler of poison resistance melds into your body.
Your +2 robe of magic resistance melds into your body.
Your ring of stealth melds into your body.
Your ring of ice melds into your body.
Your +4 dagger of freezing stops glowing.
You feel weaker.
You feel less resistant to hostile enchantments.
The slime creature hits you!!
You die...

.......................######.#
..............................#
..........######..............#
......#####....#.#####'###....#
......#........#.#.......#....#
......#........#.#.......#....#
......#........#.#.......#....#
......#........#.#'#######....###
......#........#b................
###...#...)....#J................
..#...#...######........§........
..#...###'#.............§........
..'.....%.....<.........§........
..#.....................§........
..#........######...#####.......#
..#........#....#...#...'.......#
###........#....#...#...#.......#


You could see a slime creature.

Vanquished Creatures
  A minotaur (Lab)
  7 vault guards (D:14)
  A fire dragon (Lair:8)
  A rakshasa (D:13)
  13 hydras
  The ghost of a5tp the Grappler, a novice TrMo of Yredelemnul (D:11)
  An anaconda (Lair:6)
  3 centaur warriors
  An ogre mage (D:15)
  12 death yaks
  Sonja (D:10)
  An unseen horror (D:13)
  A swamp dragon (Lair:4)
  6 hill giants
  A lindwurm (Lair:8)
  2 deep elf magi
  A wolf spider (Lair:8)
  10 ugly things
  2 cyclopes
  3 griffons
  A manticore (D:15)
  13 black mambas
  Maurice (D:9)
  A guardian serpent (Lair:8)
  7 torpor snails
  A kobold demonologist (D:14)
  3 centaur skeletons
  19 spiny frogs
  A rime drake (Lair:8)
  3 tengu conjurers
  An efreet (D:11)
  10 komodo dragons
  A harpy zombie (D:15)
  A queen bee (D:8)
  5 trolls
  3 polar bears
  3 two-headed ogres
  4 giant leeches (Lair:8)
  17 blink frogs
  A boulder beetle (Lair:8)
  3 slime creatures (D:15)
  2 redbacks (Lair:8)
  A spriggan (Lair:6)
  A spriggan (shapeshifter) (D:14)
  2 shadows (D:15)
  3 wraiths
  10 wyverns
  2 vampires
  20 yaks
  10 hippogriffs
  A hungry ghost (D:11)
  A golden eye (shapeshifter) (D:14)
  4 basilisks
  3 vampire mosquitoes (D:11)
  34 water moccasins
  14 porcupines
  3 black bears
  5 orc warriors
  6 phantoms
  7 wasps (Lair:8)
  2 ice beasts
  3 sky beasts
  25 centaurs
  An eye of draining (D:12)
  20 wolves
  A necrophage (D:11)
  11 ogres
  15 crocodiles
  5 big kobolds
  13 giant frogs
  A gnoll sergeant (D:8)
  4 wyvern skeletons
  3 scorpions
  21 killer bees
  11 wights
  5 howler monkeys
  6 crimson imps
  3 giant frog zombies
  2 centaur zombies
  A quasit (D:6)
  10 hounds
  5 orc priests
  14 iguanas
  7 orc wizards
  9 worker ants
  A killer bee zombie (D:11)
  12 sheep
  2 hound skeletons
  8 mummies (Ossuary)
  3 howler monkey zombies
  3 gnolls (D:8)
  34 river rats
  16 adders
  3 shadow imps
  2 oozes
  20 worms
  4 giant geckos
  38 orcs
  2 ball pythons
  5 giant cockroaches
  3 goblins
  3 hobgoblins
  12 jackals
  8 quokkas
  4 bats
  A giant gecko zombie (D:8)
  9 giant newts
  2 hobgoblin zombies (Ossuary)
  A jackal zombie (D:7)
  15 kobolds
  2 kobold zombies (Ossuary)
  4 orc zombies (Ossuary)
  A quokka skeleton (D:5)
  5 rats
  2 butterflies (D:5)
  A fungus (Lair:8)
  2 plants
723 creatures vanquished.

Vanquished Creatures (others)
  A boggart (D:11)
  A centaur (D:14)
  A bush (Lair:8)
  24 fungi
  31 plants
58 creatures vanquished.

Grand Total: 781 creatures vanquished

Notes
Turn   | Place    | Note
--------------------------------------------------------------
     0 | D:1      | Minkie the Vampire Enchanter began the quest for the Orb.
     0 | D:1      | Reached XP level 1. HP: 13/13 MP: 3/3
   351 | D:1      | Reached XP level 2. HP: 17/19 MP: 5/5
   358 | D:1      | Reached skill level 5 in Stealth
   362 | D:1      | Learned a level 2 spell: Ensorcelled Hibernation
  1363 | D:2      | Reached XP level 3. HP: 24/24 MP: 6/6
  1923 | D:3      | Reached skill level 5 in Hexes
  1923 | D:3      | Reached XP level 4. HP: 30/30 MP: 2/7
  2052 | D:3      | Reached skill level 6 in Stealth
  2156 | D:3      | Learned a level 3 spell: Confuse
  2513 | D:3      | Reached skill level 1 in Ice Magic
  2799 | D:4      | Noticed a phantom
  2847 | D:4      | Killed a phantom
  2847 | D:4      | Reached XP level 5. HP: 20/35 MP: 0/9
  2981 | D:4      | Noticed a hippogriff
  2992 | D:4      | Killed a hippogriff
  2992 | D:4      | Reached XP level 6. HP: 41/41 MP: 5/10
  3052 | D:4      | Found a staircase to the Ecumenical Temple.
  3061 | Temple   | Entered the Ecumenical Temple
  3158 | Temple   | Became a worshipper of Dithmenos the Shadowed
  3258 | D:4      | Reached skill level 7 in Stealth
  3271 | D:4      | Found Poetoryutz's Jewellery Emporium.
  3508 | D:5      | Entered Level 5 of the Dungeon
  3540 | D:5      | Reached XP level 7. HP: 46/46 MP: 8/12
  3678 | D:5      | Found a shimmering altar of Xom.
  3795 | D:5      | Reached * piety under Dithmenos
  3974 | D:5      | Found Butux's Magic Scroll Emporium.
  3985 | D:5      | Bought a scroll of identify for 28 gold pieces
  3985 | D:5      | Bought a scroll of identify for 28 gold pieces
  3985 | D:5      | Bought a scroll of identify for 28 gold pieces
  4068 | D:5      | Found a bloodstained altar of Trog.
  4276 | D:5      | Reached skill level 8 in Stealth
  4428 | D:5      | Reached XP level 8. HP: 48/52 MP: 12/14
  4474 | D:5      | Found a deep blue altar of Sif Muna.
  4476 | D:5      | Found a sparkling altar of Nemelex Xobeh.
  4529 | D:5      | Found a shattered altar of Ashenzari.
  4798 | D:6      | Reached skill level 5 in Short Blades
  4908 | D:6      | Found a sand-covered staircase.
  4916 | Ossuary  | Entered an ossuary
  5577 | D:6      | Reached skill level 9 in Stealth
  5616 | D:6      | Reached ** piety under Dithmenos
  5845 | D:6      | Reached skill level 5 in Spellcasting
  6074 | D:6      | Reached XP level 9. HP: 57/57 MP: 15/17
  6579 | D:7      | Reached skill level 10 in Stealth
  6642 | D:7      | Found Jusoppou's Food Shop.
  7646 | D:8      | Learned a level 6 spell: Invisibility
  7653 | D:8      | Noticed a queen bee
  7724 | D:8      | HP: 2/57 [hippogriff (4)]
  7726 | D:8      | Reached skill level 11 in Stealth
  7726 | D:8      | Reached skill level 10 in Hexes
  8187 | D:8      | Killed a queen bee
  8266 | D:8      | Reached XP level 10. HP: 32/63 MP: 1/20
  8351 | D:8      | Reached *** piety under Dithmenos
  8530 | D:8      | Found Yhadesh's Antique Armour Boutique.
  8854 | D:8      | Found a sacrificial altar of Ru.
  8857 | D:8      | Found a white marble altar of Elyvilon.
  8860 | D:8      | Found a snail-covered altar of Cheibriados.
  8939 | D:9      | Reached skill level 12 in Stealth
  9091 | D:9      | Noticed Maurice
  9102 | D:9      | Killed Maurice
  9144 | D:9      | Found an oddly glowing altar of Pakellas.
  9144 | D:9      | Found Pakellas's Prime Provisions.
  9418 | D:9      | Got an encrusted plate armour
  9429 | D:9      | Identified the +6 plate armour "Pujedouc" {Int+2} (You found it on level 9 of the Dungeon)
  9971 | D:10     | Entered Level 10 of the Dungeon
 10105 | D:4      | Bought a +3 amulet of reflection for 350 gold pieces
 10299 | D:10     | Found a portal to a secret trove of treasure.
 10327 | D:10     | Reached **** piety under Dithmenos
 10398 | D:10     | Reached skill level 13 in Stealth
 10521 | D:10     | Noticed a hill giant
 10523 | D:10     | Noticed Sonja
 10528 | D:10     | Killed a hill giant
 10528 | D:10     | Reached XP level 11. HP: 59/68 MP: 16/22
 10534 | D:10     | Killed Sonja
 10883 | D:11     | Found a snail-covered altar of Cheibriados.
 10966 | D:11     | Noticed a hill giant
 10969 | D:11     | Killed a hill giant
 11038 | D:11     | Found Zibicse's Magic Scroll Shoppe.
 11051 | D:11     | Bought a scroll of identify for 28 gold pieces
 11051 | D:11     | Bought a scroll of identify for 28 gold pieces
 11051 | D:11     | Bought a scroll of identify for 28 gold pieces
 11051 | D:11     | Bought a scroll of identify for 28 gold pieces
 11059 | D:11     | Gained mutation: You have an increased reservoir of magic (+10% MP). [potion of beneficial mutation]
 11093 | D:11     | Noticed a5tp's ghost (novice TrMo)
 11116 | D:11     | Killed a5tp's ghost
 11123 | D:11     | Noticed a six-headed hydra
 11127 | D:11     | Noticed a brown ugly thing
 11135 | D:11     | Killed a six-headed hydra
 11135 | D:11     | Reached skill level 14 in Stealth
 11138 | D:11     | Reached skill level 10 in Short Blades
 11144 | D:11     | Noticed a red ugly thing
 11357 | D:11     | Killed a brown ugly thing
 11389 | D:11     | Killed a red ugly thing
 11894 | D:11     | Found a staircase to the Lair.
 12263 | Lair:1   | Entered Level 1 of the Lair of Beasts
 12371 | Lair:1   | Noticed a six-headed hydra
 12374 | Lair:1   | Killed a six-headed hydra
 12433 | Lair:1   | Noticed a seven-headed hydra
 12437 | Lair:1   | Killed a seven-headed hydra
 12510 | Lair:1   | Reached ***** piety under Dithmenos
 12510 | Lair:1   | Reached XP level 12. HP: 74/74 MP: 27/27
 12984 | Lair:1   | Reached skill level 15 in Stealth
 13190 | Lair:1   | Learned a level 2 spell: Blink
 13623 | Lair:2   | Noticed a five-headed hydra
 13635 | Lair:2   | Killed a five-headed hydra
 13920 | Lair:3   | Found a labyrinth entrance.
 13929 | Lab      | Entered a labyrinth
 14312 | Lab      | Noticed a minotaur
 14318 | Lab      | Killed a minotaur
 14324 | Lab      | Got an encrusted quarterstaff
 14488 | Lair:3   | Found a blossoming altar of Fedhas.
 14780 | Lair:3   | Noticed a six-headed hydra
 14785 | Lair:3   | Killed a six-headed hydra
 15008 | Lair:3   | Found a staircase to the Snake Pit.
 15272 | Lair:4   | Reached skill level 10 in Spellcasting
 15353 | Lair:4   | Noticed a four-headed hydra
 15365 | Lair:4   | Killed a four-headed hydra
 15365 | Lair:4   | Reached skill level 16 in Stealth
 15365 | Lair:4   | Reached skill level 15 in Hexes
 15419 | Lair:4   | Found a staircase to the Swamp.
 15420 | Lair:4   | Reached skill level 5 in Dodging
 15458 | Lair:4   | Identified the +10 quarterstaff "Mitrily" {vamp, rF++ Str-3 Int-5 SInv} (You found it in a labyrinth)
 15765 | Lair:5   | Reached XP level 13. HP: 76/79 MP: 7/29
 16399 | Lair:5   | Reached ****** piety under Dithmenos
 17117 | Lair:6   | Reached skill level 17 in Stealth
 17571 | Lair:7   | Reached skill level 1 in Fighting
 18356 | Lair:8   | Entered Level 8 of the Lair of Beasts
 18504 | Lair:8   | Found a staircase to the Slime Pits.
 18505 | Lair:8   | Found a viscous altar of Jiyva.
 18638 | Lair:8   | Reached skill level 18 in Stealth
 18638 | Lair:8   | Reached XP level 14. HP: 91/91 MP: 32/32
 19559 | Lair:8   | Found a runed door.
 21260 | D:12     | Found a staircase to the Orcish Mines.
 21681 | D:12     | Reached skill level 19 in Stealth
 21838 | D:12     | Reached skill level 5 in Fighting
 21957 | D:12     | You fall through a shaft!
 22063 | D:13     | Identified a scroll of acquirement
 22632 | D:14     | Reached XP level 15. HP: 103/103 MP: 34/34
 22973 | D:14     | Reached skill level 10 in Dodging
 23257 | D:14     | Found a gate to the Vaults.
 23417 | D:15     | Entered Level 15 of the Dungeon
 23635 | D:15     | Found Hauli's Jewellery Boutique.
 23643 | D:15     | Bought a cursed amulet of inaccuracy for 24 gold pieces
 23643 | D:15     | Bought a cursed ring of loudness for 54 gold pieces
 23996 | D:15     | Reached skill level 1 in Shields
 23996 | D:15     | HP: 3/106 [slime creature (10)]
 24003 | D:15     | Slain by a slime creature

Vault maps used:
D:1:      dpeg_arrival_morbid_curiosity
D:2:      first_bread, solitary_fountain
D:4:      minmay_temple_entry_overgrown, serial_shops, nicolae_shop_waterfront
D:5:      lemuel_coloured_pillars_altar, xom_butterflies, minitemple,
          serial_shops, shop, ashenzari_altar_1
D:6:      enter_ossuary_5
D:7:      serial_co_window_serial, co_window_paths_b,
          co_window_of_opportunity_a, co_window_corner_a, co_window_paths_b,
          co_window_paths_a, co_window_paths_b, co_window_paths_b,
          co_window_broadway_c, co_window_broadway_a, co_window_broadway_b,
          co_window_paths_e, co_window_4corner_b, glass_columns_b, serial_shops,
          shop_fountains
D:8:      grunt_temple_overflow_diamond, serial_shops, shop_fountains,
          david_nohive_1
D:9:      johnstein_pakellas_shop, uniq_maurice
D:10:     enter_trove_0, uniq_sonja
D:11:     david_lair_shrubbed, basic_altar, serial_shops, shop, minivault_28
D:12:     orc_0_dummy
D:13:     hangedman_decor_push
D:14:     kennysheep_ambush_hall, erik_vaults_2, kennysheep_generic_room_3
D:15:     grunt_enter_depths_snipers, nrook_mini_vaults, serial_shops, shop
Temple:   circular_temple_12
Lair:1:   serial_bayou_shore_b
Lair:2:   grunt_forest_small_clearing_treed
Lair:3:   dummy_snake_entry, lab_entry_generic, st_stairs_13, tgw_fedhas,
          serial_bayou_shore_a
Lair:4:   minmay_swamp_entry_reptiles
Lair:5:   grunt_megastairs_5, serial_bayou_shore_b
Lair:6:   beast_lair_carwin_large_4, grunt_forest_stairs_clearing,
          bh_autumn_forest_stairs
Lair:8:   wormcave, hangedman_lair_tendril_chambers, slime_altar_1
Lab:      labyrinth_spiral, labyrinth_skeletal_remains
Ossuary:  ossuary_tomb_3

Skill      XL: |  1  2  3  4  5  6  7  8  9 10 11 12 13 14 15 |
---------------+----------------------------------------------+-----
Stealth        | 5 6 7 8 9 11 13 14 16 18 19 | 19.7
Short Blades   | 2 3 4 6 7 9 10 11 | 11.0
Hexes          | 5 6 7 8 10 12 13 15 16 17 18 | 18.2
Ice Magic      | 1 2 3 4 |  4.0
Spellcasting   | 3 4 5 6 7 9 10 11 12 | 12.4
Dodging        | 5 8 9 10 | 10.7
Fighting       | 2 5 6 |  6.4
Shields        | 1 |  1.0

Action                   |  1- 3 |  4- 6 |  7- 9 | 10-12 | 13-15 || total
-------------------------+-------+-------+-------+-------+-------++-------
Melee: Dagger            |    83 |    70 |   273 |   383 |   475 ||  1284
       Bite              |     8 |     2 |    26 |    22 |    21 ||    79
Throw: Tomahawk          |       |       |     3 |     2 |       ||     5
 Cast: Ensorcelled Hiber |     5 |    18 |    71 |   123 |   226 ||   443
       Confuse           |       |     2 |    13 |    30 |    96 ||   141
       Invisibility      |       |       |     1 |       |     3 ||     4
Invok: Shadow Step       |       |       |       |       |     1 ||     1
 Abil: Bat Form          |       |       |     1 |     1 |     5 ||     7
       End Transformatio |       |       |     1 |     1 |     4 ||     6
  Use: Scroll            |       |       |    14 |    17 |     6 ||    37
       Potion            |       |       |     4 |     1 |     2 ||     7
 Stab: Sleeping          |    19 |    19 |    85 |   172 |   282 ||   577
       Confused          |       |     2 |    12 |    24 |    33 ||    71
       Invisible         |       |       |     1 |       |    21 ||    22
       Distracted        |       |       |       |     1 |     4 ||     5
Armor: Robe              |    14 |    16 |    30 |    29 |    37 ||   126
Dodge: Dodged            |    49 |    43 |   137 |   149 |   314 ||   692
Block: Other             |       |       |       |    14 |     9 ||    23
       Buckler           |       |       |       |       |     2 ||     2
